 Dungeon Sprint DCSS version 0.29.1-12-g30fa7ad0bf (webtiles) character file.

Game seed: 14804844228606058462

2540 boopmooplesden the Fencer (level 9, -3/96 HPs)
             Began as a Minotaur Berserker on Dec 18, 2022.
             Was a High Priest of Trog.
             Slain by a seven-headed hydra (5 damage)
             ... in the Dungeon (Sprint IX: "|||||||||||||||||||||||||||||").
             The game lasted 00:01:29 (741 turns).

boopmooplesden the Fencer (Minotaur Berserker)       Turns: 741, Time: 00:01:29

Health: -3/96      AC: 14    Str: 23    XL:     9   Next: 30%
Magic:  8/8        EV: 14    Int:  7    God:    Trog [*****.]
Gold:   0          SH:  0    Dex: 13    Spells: 8/8 levels left

rFire   . . .      SeeInvis .   k - +2 scimitar (flame)
rCold   . . .      Faith    .   (no shield)
rNeg    . . .      Spirit   .   n - +1 scale mail
rPois   .          Reflect  .   (helmet restricted)
rElec   .          Harm     .   l - +0 cloak
rCorr   .          Rampage  .   (no gloves)
Will    ++...      NoTele   +   m - +0 pair of boots
Stlth   ..........              (no amulet)
HPRegen 1.26/turn               p - +3 ring of intelligence
MPRegen 0.11/turn               o - +2 ring of protection

@: strong-willed, on berserk cooldown, regenerating, slowed, very slow
A: horns 2, retaliatory headbutt
a: Renounce Religion, Berserk, Trog's Hand, Brothers in Arms


You were in the Dungeon.
You worshipped Trog.
Trog was extremely pleased with you.
You visited 1 branch

Inventory:

Hand Weapons
 a - a +0 falchion
 k - a +2 scimitar of flaming (weapon)
Armour
 b - a +0 animal skin
 l - a +0 cloak (worn)
 m - a +0 pair of boots (worn)
 n - a +1 scale mail (worn)
Jewellery
 o - a +2 ring of protection (right hand)
 p - a +3 ring of intelligence (left hand)
Wands
 j - a wand of iceblast (10)
Scrolls
 h - a scroll of blinking
Potions
 c - 5 potions of curing
 e - a potion of haste
 f - 4 potions of magic
 g - a potion of berserk rage
 i - a potion of invisibility


   Skills:
 + Level 14.5 Fighting
 + Level 16.1 Long Blades
 + Level 10.7 Armour
 + Level 9.4 Dodging


You had 8 spell levels left.
You didn't know any spells.
Your spell library was empty.

Dungeon Overview and Level Annotations

Branches:
Dungeon (1/1)

Altars:
Cheibriados
Dithmenos
Elyvilon
Fedhas
Gozag
Hepliaklqana
Kikubaaqudgha
Makhleb
Nemelex Xobeh
Okawaru
Qazlal
Ru
Sif Muna
Trog
Uskayaw
Vehumet
Wu Jian
Xom
Yredelemnul
Zin
The Shining One
Jiyva
Lugonu


Innate Abilities, Weirdness & Mutations

You have a pair of horns on your head.
You reflexively headbutt those who attack you in melee.


Message History

Increase (S)trength, (I)ntelligence, or (D)exterity?
You feel stronger. x2
You hit the cyclops. You burn the cyclops.
The cyclops is lightly wounded.
You slash the cyclops! You burn the cyclops.
The cyclops is moderately wounded.
You slash the cyclops! You burn the cyclops.
The cyclops is heavily wounded.
The tengu conjurer mumbles some strange words.
The tengu conjurer conjures a globe of magical energy!
The cyclops barely misses you.
A battlesphere comes into view.
You slash the cyclops! You burn the cyclops!
The cyclops is almost dead.
You hit the cyclops. You burn the cyclops.
You kill the cyclops!
Trog accepts your kill.
You are no longer berserk.
You are exhausted.
You feel yourself slow down.
Your Long Blades skill increases to level 16!
You chop one of the eight-headed hydra's heads off!
The flame cauterises the wound!
You hit the seven-headed hydra. You burn the seven-headed hydra.
The seven-headed hydra is lightly wounded.
The seven-headed hydra bites you but does no damage.
The seven-headed hydra bites you! x3
* * * LOW HITPOINT WARNING * * *
The seven-headed hydra misses you. The seven-headed hydra bites you!
* * * LOW HITPOINT WARNING * * *
The seven-headed hydra misses you.
You barely miss the seven-headed hydra.
The seven-headed hydra is lightly wounded.
The seven-headed hydra bites you!
* * * LOW HITPOINT WARNING * * *
The seven-headed hydra bites you but does no damage.
The seven-headed hydra misses you.
The seven-headed hydra barely misses you.
The seven-headed hydra bites you.
You die...

▓)▓
▓.▓
▓.▓
▓.▓
▓.▓
▓.▓
▓.▓
▓'▓
▓@▓
▓D▓
▓Q▓
▓u▓
▓.▓
▓*▓
▓+▓


You could see a seven-headed hydra, a white ugly thing, a tengu conjurer and a
battlesphere (distracted).

Vanquished Creatures
  A two-headed ogre (D)
  2 cyclopes (D)
  An ugly thing (D)
  A gargoyle (D)
  2 wraiths (D)
  A centaur (D)
  A necrophage (D)
  A scorpion (D)
  A howler monkey (D)
  An orc priest (D)
  2 orcs (D)
  An endoplasm (D)
  A hobgoblin (D)
  A bat (D)
  A frilled lizard (D)
  A rat (D)
19 creatures vanquished.

Notes
Turn   | Place    | Note
-------+----------+-------------------------------------------
     0 | D        | boopmooplesden the Minotaur Berserker began the quest for
                  | the Orb.
     0 | D        | Reached XP level 1. HP: 19/19 MP: 0/0
     6 | D        | Reached skill level 4 in Long Blades
     9 | D        | Reached ** piety under Trog
    18 | D        | Noticed a necrophage
    18 | D        | Noticed an orc priest
    18 | D        | Noticed a scorpion
    27 | D        | Killed a necrophage
    27 | D        | Reached *** piety under Trog
    28 | D        | Reached skill level 6 in Long Blades
    28 | D        | Reached XP level 2. HP: 25/31 MP: 1/1
    28 | D        | Reached XP level 3. HP: 32/38 MP: 2/2
    28 | D        | Reached XP level 4. HP: 37/45 MP: 3/3
    32 | D        | Reached skill level 7 in Long Blades
    34 | D        | Killed a scorpion
    35 | D        | Reached skill level 8 in Long Blades
    35 | D        | Reached XP level 5. HP: 43/56 MP: 4/4
   280 | D        | Found a snail-covered altar of Cheibriados.
   280 | D        | Found a shadowy altar of Dithmenos.
   280 | D        | Found a white marble altar of Elyvilon.
   280 | D        | Found a blossoming altar of Fedhas.
   280 | D        | Found an opulent altar of Gozag.
   281 | D        | Found a hazy altar of Hepliaklqana.
   282 | D        | Found a viscous altar of Jiyva.
   283 | D        | Found an ancient bone altar of Kikubaaqudgha.
   284 | D        | Found a corrupted altar of Lugonu.
   285 | D        | Found a burning altar of Makhleb.
   286 | D        | Found a sparkling altar of Nemelex Xobeh.
   287 | D        | Found an iron altar of Okawaru.
   288 | D        | Found a stormy altar of Qazlal.
   289 | D        | Found a sacrificial altar of Ru.
   290 | D        | Found a shimmering blue altar of Sif Muna.
   291 | D        | Found a bloodstained altar of Trog.
   292 | D        | Found a hide-covered altar of Uskayaw.
   293 | D        | Found a radiant altar of Vehumet.
   294 | D        | Found an ornate altar of the Wu Jian Council.
   295 | D        | Found a shimmering altar of Xom.
   296 | D        | Found a basalt altar of Yredelemnul.
   297 | D        | Found a glowing silver altar of Zin.
   298 | D        | Found a glowing golden altar of the Shining One.
   306 | D        | Found the +12 glaive of Prune {vorpal}
   349 | D        | Noticed a centaur
   349 | D        | Noticed a wraith
   349 | D        | Noticed a two-headed ogre
   349 | D        | Noticed a wraith
   349 | D        | Noticed a gargoyle
   352 | D        | Killed a centaur
   353 | D        | Reached skill level 9 in Long Blades
   353 | D        | Reached skill level 5 in Armour
   353 | D        | Reached skill level 5 in Dodging
   358 | D        | Killed a wraith
   358 | D        | Reached **** piety under Trog
   359 | D        | Reached skill level 10 in Fighting
   359 | D        | Reached skill level 11 in Long Blades
   359 | D        | Reached XP level 6. HP: 67/67 MP: 5/5
   361 | D        | HP: 1/67 [two-headed ogre/+0 giant club (31)]
   373 | D        | Killed a two-headed ogre
   374 | D        | Reached skill level 13 in Long Blades
   374 | D        | Reached XP level 7. HP: 31/77 MP: 6/6
   376 | D        | Reached XP level 8. HP: 37/83 MP: 7/7
   390 | D        | HP: 3/85 [gargoyle/stone arrow (13)]
   391 | D        | Killed a gargoyle
   392 | D        | Reached skill level 14 in Long Blades
   719 | D        | Noticed a cyclops
   719 | D        | Noticed a red ugly thing
   719 | D        | Noticed a cyclops
   719 | D        | Noticed an eight-headed hydra
   719 | D        | Noticed a tengu conjurer
   719 | D        | Noticed a white ugly thing
   726 | D        | Killed a cyclops
   726 | D        | Reached ***** piety under Trog
   727 | D        | Reached skill level 15 in Long Blades
   734 | D        | Killed a red ugly thing
   735 | D        | Reached skill level 10 in Armour
   735 | D        | Reached XP level 9. HP: 64/95 MP: 8/8
   739 | D        | Killed a cyclops
   740 | D        | Reached skill level 16 in Long Blades
   741 | D        | HP: 2/96 [seven-headed hydra (12)]
   741 | D        | Slain by a seven-headed hydra

Illustrated notes

Levels and vault maps discovered:
D:        linesprint [early_d, line_temple, items_1, d_10, items_2, lair_1,
          lair_end, items_3, orc_1, orc_end, items_4, d_15, swamp_1, shoals_1,
          snake_1, spider_1, d_20, vaults_1, items_5, swamp_end, shoals_end,
          snake_end, spider_end, vaults_end, d_27, items_6, zot_1, zot_end,
          crypt_end, forest_end, elf_end, slime_end, tomb_end, abyss_end,
          pan_hell_end]

Skill      XL: |  1  2  3  4  5  6  7  8  9 |
---------------+----------------------------+-----
Fighting       | 6 8 10 12 14 | 14.5
Long Blades    | 6 8 11 13 15 16 | 16.1
Armour         | 3 4 6 8 10 | 10.7
Dodging        | 3 4 6 7 9 |  9.4

Action                   |  1- 3 |  4- 6 |  7- 9 || total
-------------------------+-------+-------+-------++-------
Melee: Falchion          |    16 |     8 |       ||    24
       Headbutt          |     3 |     4 |     7 ||    14
       Scimitar          |       |    11 |    37 ||    48
Invok: Berserk           |     1 |     1 |     1 ||     3
       Trog's Hand       |       |     1 |     1 ||     2
  Use: Potion            |       |     3 |       ||     3
       Scroll            |       |     1 |       ||     1
Armor: Animal skin       |     1 |     1 |       ||     2
       Scale mail        |       |     5 |    11 ||    16
Dodge: Dodged            |     6 |     6 |    11 ||    23
